 Dungeon Crawl Stone Soup version 0.30.1-9-gdf580d7c3d (webtiles) character file.

Game seed: 9135518167007726

4 pop123321pop the Trooper (level 1, 0/24 HPs)
             Began as an Ogre Berserker on Sept 30, 2023.
             Was a Follower of Trog.
             Succumbed to an adder's poison
             ... on level 2 of the Dungeon.
             The game lasted 00:00:23 (180 turns).

pop123321pop the Trooper (Ogre Berserker)            Turns: 180, Time: 00:00:24

Health: 0/24       AC:  3    Str: 20    XL:     1   Next: 70%
Magic:  1/1        EV: 10    Int:  8    God:    Trog [*.....]
Gold:   17         SH:  0    Dex:  8    Spells: 0/0 levels left

rFire   . . .        a - +0 mace
rCold   . . .        (no shield)
rNeg    . . .        b - +0 animal skin
rPois   .            (helmet restricted)
rElec   .            (no cloak)
rCorr   .            (gloves unavailable)
SInv    .            (boots unavailable)
Will    .....        (no amulet)
Stlth   +            (no ring)
HPRegen 0.24/turn    (no ring)
MPRegen 0.07/turn

%: no passive effects
@: lethally poisoned (0 -> -2)
A: large, unfitting armour, tough skin 1
a: Renounce Religion, Berserk


You were on level 2 of the Dungeon.
You worshipped Trog.
Trog was aware of your devotion.
You visited 1 branch of the dungeon, and saw 2 of its levels.

You collected 17 gold pieces.

Inventory:

Hand Weapons
 a - a +0 mace (weapon)
Armour
 b - a +0 animal skin (worn)
Scrolls
 c - a scroll of fog {unknown}
 g - a scroll of fear {unknown}
Potions
 d - a potion of heal wounds {unknown}
 e - a potion of degeneration {unknown}
 f - a potion of magic {unknown}


   Skills:
 - Level 4.0 Fighting
 * Level 3.0 Maces & Flails
 - Level 2.6 Dodging


You couldn't memorise any spells.
You didn't know any spells.
Your spell library was empty.

Dungeon Overview and Level Annotations

Branches:
Dungeon (1/15)

Altars:


Innate Abilities, Weirdness & Mutations

You are too large for most types of armour.
You have tough skin. (AC +1)


Message History

An adder is nearby!
You barely miss the adder.
The adder is heavily wounded.
You feel sick. The adder bites you. x2
Unknown command.
Unknown command.
An adder is nearby!
You are too injured to fight recklessly!
An adder is nearby!
You are too injured to fight recklessly!
Unknown command.
An adder is nearby!
You are too injured to fight recklessly!
Unknown command.
Unknown command.
An adder is nearby!
You are too injured to fight recklessly!
An adder is nearby!
Unknown command.
You are too injured to fight recklessly!
You barely miss the adder.
The adder is heavily wounded.
You feel sick. The adder bites you.
* * * LOW HITPOINT WARNING * * *
The adder closely misses you.
You closely miss the adder.
The adder is heavily wounded.
* * * LOW HITPOINT WARNING * * *
You feel sick. The adder bites you but does no damage.
You hit the adder but do no damage.
The adder is heavily wounded.
* * * LOW HITPOINT WARNING * * *
You feel sick. The adder bites you.
* * * LOW HITPOINT WARNING * * *
The adder bites you.
* * * LOW HITPOINT WARNING * * *
Unknown command.
You closely miss the adder.
The adder is heavily wounded.
You die...

.# .. # .# .
#.##)##.# #
#.#...#.#.#
#.........##
#####...#.....
#.....#...#####
#.####.##......
.......S@..###
##.####......#
######.# #


You could see an adder.

Vanquished Creatures
  A giant cockroach (D:2)
  A goblin (D:1)
  A hobgoblin (D:1)
  A frilled lizard (D:1)
4 creatures vanquished.

Notes
Turn   | Place    | Note
-------+----------+-------------------------------------------
     0 | D:1      | pop123321pop the Ogre Berserker began the quest for the
                  | Orb.
     0 | D:1      | Reached XP level 1. HP: 24/24 MP: 1/1
   158 | D:1      | You fall into a shaft and drop 1 floor!
   179 | D:2      | HP: 1/24 [adder (1)]
   180 | D:2      | Succumbed to an adder's poison

Illustrated notes

Levels and vault maps discovered:
D:1:      dpeg_arrival_solitude, layout_basic, serial_forest,
          infiniplex_forest_straight_3, infiniplex_forest_straight_2,
          infiniplex_forest_straight_1, infiniplex_forest_clump_medium,
          infiniplex_forest_lined_2, minmay_misc_feat_hallway, st_stairs_2,
          minmay_curled_crystal, minmay_misc_feat_pillars, minivault_19
D:2:      layout_loops_ring, basic_altar, chequers_arboretum,
          nicolae_grassy_gnolls, uniq_jessica

Skill      XL: |  1 |
---------------+----+-----
Maces & Flails | 3 |  3.0
Fighting       | |  4.0
Dodging        | |  2.6

Action                     || total
---------------------------++-------
  Melee: Mace              ||    33
         Punch             ||     1
 Armour: Animal skin       ||     8
  Dodge: Dodged            ||    19
